 Dungeon Crawl Stone Soup version 0.28.0-47-ge53b351184 (webtiles) character file.

Game seed: 8430311531199451438

234 Bruhh the Magician (level 6, -4/40 HPs)
             Began as a Djinni Fire Elementalist on Apr 28, 2022.
             Killed by an exploding orc wizard (11 damage)
             ... ignited by their inner flame
             ... on level 4 of the Dungeon.
             The game lasted 00:06:23 (4864 turns).

Bruhh the Magician (Djinni Fire Elementalist)       Turns: 4864, Time: 00:06:24

Health: -4/40      AC:  2    Str:  7    XL:     6   Next: 26%
Gold:   199        EV: 13    Int: 18    God:
                   SH:  0    Dex: 26

rFire   + + .      SeeInvis .   e - +1 dagger (venom)
rCold   x . .      Faith    .   (no shield)
rNeg    . . .      Spirit   .   a - +0 robe
rPois   ∞          Reflect  .   (no helmet)
rElec   .          Harm     .   (no cloak)
rCorr   .          Rampage  .   (no gloves)
Will    .....                   (boots unavailable)
Stlth   +++.......              (no amulet)
HPRegen 0.13/turn               d - +6 ring of dexterity
MPRegen 0.00/turn               m - +6 ring of dexterity

@: flying, very slightly contaminated
A: sickness immunity, fire resistance 2, cold vulnerability 1, float, innate
caster, HP casting, extra vitality 1
a: no special abilities


You were on level 4 of the Dungeon.
You visited 1 branch of the dungeon, and saw 4 of its levels.

You collected 199 gold pieces.

Inventory:

Hand Weapons
 e - a +1 dagger of venom (weapon)
Armour
 a - a +0 robe (worn)
Jewellery
 d - a +6 ring of dexterity (left hand)
 m - a +6 ring of dexterity (right hand)
Scrolls
 c - a scroll of noise {unknown}
 h - a scroll of teleportation {unknown}
 i - 2 scrolls of vulnerability {unknown}
 j - a scroll of enchant armour {unknown}
 n - a scroll of fear {unknown}
Potions
 b - a potion of flight {unknown}
 f - 3 potions of heal wounds {unknown}
 g - a potion of might {unknown}
 k - a potion of brilliance {unknown}
 l - a potion of curing {unknown}


   Skills:
 - Level 2.1 Dodging
 - Level 1.5 Stealth
 + Level 5.1 Spellcasting


You couldn't memorise any spells.
You knew the following spells:

 Your Spells              Type           Power      Damage    Failure   Level
a - Foxfire               Conj/Fire      88%        2x1d8     1%          1
b - Scorch                Fire           44%        2d7       2%          2
c - Conjure Flame         Conj/Fire      22%        6-21      4%          3
d - Inner Flame           Hex/Fire       22%        N/A       4%          3
e - Flame Wave            Conj/Fire      22%        2d7       16%         4
f - Apportation           Tloc           44%        N/A       1%          1
g - Static Discharge      Conj/Air       22%        N/A       2%          2
Your spell library was empty.

Dungeon Overview and Level Annotations

Branches:
Dungeon (4/15)
 Temple: D:4-7

Altars:
Cheibriados
Okawaru


Innate Abilities, Weirdness & Mutations

You are immune to sickness and miasma.
You are immune to poison.
Your flesh is very heat resistant. (rF++)
You are vulnerable to cold. (rC-)
You float through the air rather than walking.
You learn spells naturally, not from books.
Your magical power is your life essence.
You have superior vitality. (+4 MHP)


Message History

Press: ? - help, Dir - move target, f - orc wizard, p - sky beast
Aim: an orc wizard, wielding a +0 dagger and wearing a +0 leather armour (chance to affect: 78%)
The orc wizard is filled with an inner flame.
The sky beast flickers out of sight!
Deactivating autopickup; reactivate with Ctrl-A.
Casting: Inner Flame (dangerous; 4% risk of failure)
Confirm with . or Enter, or press ? or * to list all spells.
The spell is quite dangerous to miscast (16% risk of failure)!
Continue anyway?
Okay, then.
Casting: Flame Wave (quite dangerous; 16% risk of failure)
Confirm with . or Enter, or press ? or * to list all spells.
The spell is quite dangerous to miscast (16% risk of failure)!
Continue anyway?
Casting: Flame Wave (quite dangerous; 16% risk of failure)
Press: ? - help, Dir - look around, f - activate You miscast Flame Wave.
You are very lightly contaminated with residual magic.
You feel a strange surge of energy!
The orc wizard points at you and mumbles some strange words.
The puff of flame hits you. You resist.
Casting: Flame Wave (quite dangerous; 16% risk of failure)
Confirm with . or Enter, or press ? or * to list all spells.
The spell is quite dangerous to miscast (16% risk of failure)!
Continue anyway?
Casting: Flame Wave (quite dangerous; 16% risk of failure)
Press: ? - help, Dir - look around, f - activate A wave of flame ripples out!
The flame wave engulfs something.
Flame seeps out of something.
The flame wave engulfs the orc wizard.
Flame seeps out of the orc wizard.
The orc wizard is heavily wounded.
The flame wave engulfs the orc.
You kill the orc! (Press . to intensify the flame waves.)
You hear an angry hiss.
Flame seeps out of something.
Something hits you.
* * * LOW HITPOINT WARNING * * *
Something shocks you.
* * * LOW HITPOINT WARNING * * *
The orc wizard is engulfed in blazing flames.
The orc wizard explodes!
The fiery explosion engulfs you! You resist.
You die...

..............#.......
#...........##.....#.
...##.......###......###.
##................##..####
K................###......
..........................
.......#..................
.......#§§.##.............
..[...K.○@.............##.
#.#...§{§..##............
#.#)#o.#..##..........#
........................
.....###.................
....## #...........#.....
.... #.................
... ##...#...#.>..###. ..
.......#...##...


You could see an orc and a kobold.

Vanquished Creatures
  A scorpion (D:4)
  An orc priest (D:3)
  A hound (D:4)
  An orc wizard (D:4)
  An adder (D:4)
  An ufetubus (D:4)
  2 worms (D:2)
  3 dart slugs
  6 orcs
  3 ball pythons
  8 endoplasms
  6 giant cockroaches
  10 goblins
  7 hobgoblins
  4 jackals (D:1)
  8 kobolds
  3 quokkas
  7 bats
  4 frilled lizards
  3 rats
80 creatures vanquished.

Vanquished Creatures (others)
  67 foxfires (D:1)
67 creatures vanquished.

Grand Total: 147 creatures vanquished

Notes
Turn   | Place    | Note
-------+----------+-------------------------------------------
     0 | D:1      | Bruhh the Djinni Fire Elementalist began the quest for the
                  | Orb.
     0 | D:1      | Reached XP level 1. HP: 15/15 MP: 0/0
   247 | D:1      | Reached XP level 2. HP: 15/21 MP: 0/0
   527 | D:1      | Reached skill level 3 in Spellcasting
   538 | D:1      | Reached XP level 3. HP: 11/25 MP: 0/0
   538 | D:1      | Learned a level 1 spell: Apportation
   926 | D:1      | Found a faded altar of an unknown god.
  1463 | D:2      | Found an iron altar of Okawaru.
  2214 | D:2      | Reached XP level 4. HP: 24/31 MP: 0/0
  3779 | D:3      | Reached skill level 4 in Spellcasting
  3792 | D:3      | Reached XP level 5. HP: 15/35 MP: 0/0
  3792 | D:3      | Learned a level 2 spell: Static Discharge
  4299 | D:3      | Found a snail-covered altar of Cheibriados.
  4491 | D:4      | Reached XP level 6. HP: 23/40 MP: 0/0
  4660 | D:4      | Reached skill level 5 in Spellcasting
  4854 | D:4      | Noticed a sky beast
  4864 | D:4      | Killed by an exploding orc wizard... ignited by their inner
                  | flame

Illustrated notes

Levels and vault maps discovered:
D:1:      dpeg_arrival_fog, layout_basic, basic_ecumenical_altar,
          chequers_serial_rivers_micro_c
D:2:      layout_basic, basic_altar, lemuel_another_geyser
D:3:      layout_rooms, mainiacjoe_overflow_brackets
D:4:      layout_cave_pools, temple_fountains

Skill      XL: |  1  2  3  4  5  6 |
---------------+-------------------+-----
Spellcasting   | 3 4 5 |  5.1
Dodging        | |  2.1
Stealth        | |  1.5

Action                   |  1- 3 |  4- 6 || total
-------------------------+-------+-------++-------
Melee: Unarmed           |     2 |       ||     2
       Dagger            |       |     2 ||     2
 Cast: Foxfire           |    40 |       ||    40
       Scorch            |    27 |    54 ||    81
       Inner Flame       |       |     2 ||     2
       Flame Wave        |       |     1 ||     1
Armor: Robe              |     4 |     4 ||     8
Dodge: Dodged            |    17 |    11 ||    28
